 Dungeon Crawl Stone Soup version 0.25-a0-949-gdd2af9e06e (webtiles) character file.

Game seed: 7279051727026530135, levelgen mode: deterministic

93942 Chiseanne the Nimble (level 15, -2/97 HPs)
             Began as a Demonspawn Wanderer on May 8, 2020.
             Was an Initiate of Gozag.
             Slain by a large abomination (19 damage)
             ... on level 2 of the Abyss.
             The game lasted 01:23:49 (30000 turns).

Chiseanne the Nimble (Demonspawn Wanderer)         Turns: 30000, Time: 01:23:50

Health: -2/97      AC: 20    Str: 11 (12) XL:     15   Next: 62%
Magic:  29/29      EV: 15    Int: 14 (15) God:    Gozag
Gold:   2398       SH: 21    Dex: 18 (20) Spells: 24/24 levels left

rFire    + . .     SeeInvis +   a - +5 scimitar (flame)
rCold    + . .     Gourm    .   O - +3 tower shield
rNeg     + . .     Faith    .   r - +6 scale mail "Rohos" {rPois rF- rN+ SInv}
rPois    +         Spirit   .   k - +2 hat
rElec    +         Reflect  .   V - scarf {cloud immunity}
rCorr    .         Harm     .   (no gloves)
MR       +....                  X - +1 pair of boots
Stlth    +.........             G - amulet of the Clam {+Rage rElec rF+ MP+9 Dex+4}
HPRegen  0.26/turn              H - ring "Meyppugu" {Str-3 Int+2 Dex+5 SInv}
MPRegen  0.21/turn              Q - ring of Lilacs {+Inv rPois rC+ Str+4 Dex-4}

@: mighty, about to teleport, gold aura, studying Poison Magic
A: horns 2, icy blue scales 2, [blurry vision 2], [deterioration 1], [dopey 1],
fire resistance 1, [frail 2], ignite blood, [low mp 1], powered by pain 2, [weak
2], [no potion heal 2], flame cloud immunity
a: Potion Petition, Call Merchant, Bribe Branch, Renounce Religion, Evoke
Berserk Rage, Evoke Invisibility


You were on level 2 of the Abyss.
You worshipped Gozag.
Gozag was most pleased with you.
You were not hungry.

You visited 4 branches of the dungeon, and saw 24 of its levels.
You visited the Abyss 1 time.

You collected 7624 gold pieces.
You spent 1941 gold pieces at shops.
You paid 3285 gold pieces to Gozag.

Inventory:

Hand Weapons
 a - a +5 scimitar of flaming (weapon)
 s - the +9 long sword of Viklafegg {venom, rF++ MP+9}
   (You found it on level 2 of the Lair of Beasts)

   It poisons the flesh of those it strikes.
   It greatly protects you from fire.
   It affects your magic capacity (+9).
 w - a +1 hunting sling of venom
 U - a +4 executioner's axe of freezing
Missiles
 h - 2 boomerangs of dispersal
 j - 69 bolts
 q - 6 silver boomerangs
 x - 13 javelins
 B - 19 boomerangs
 E - 5 curare-tipped darts (quivered)
 K - 163 sling bullets
 T - a throwing net
Armour
 k - a +2 hat (worn)
 r - the +6 scale mail "Rohos" (worn) {rPois rF- rN+ SInv}
   (You found it on level 1 of the Lair of Beasts)

   It makes you vulnerable to fire.
   It protects you from poison.
   It protects you from negative energy.
   It lets you see invisible.
 z - +0 acid dragon scales
 O - a +3 tower shield (worn)
 V - a scarf of cloud immunity (worn)
 X - a +1 pair of boots (worn)
Jewellery
 l - an uncursed amulet of regeneration
 p - an uncursed ring of positive energy
 A - an uncursed amulet of the acrobat
 D - an uncursed ring of wizardry
 G - the amulet of the Clam (around neck) {+Rage rElec rF+ MP+9 Dex+4}
   (You found it on level 10 of the Dungeon)

   [amulet of rage]

   It affects your dexterity (+4).
   It protects you from fire.
   It insulates you from electricity.
   It affects your magic capacity (+9).
   It lets you go berserk.
 H - the ring "Meyppugu" (left hand) {Str-3 Int+2 Dex+5 SInv}
   (You bought it in a shop on level 10 of the Dungeon)

   [ring of intelligence]

   It affects your strength (-3).
   It affects your intelligence (+2).
   It affects your dexterity (+5).
   It lets you see invisible.
 Q - the ring of Lilacs (right hand) {+Inv rPois rC+ Str+4 Dex-4}
   (You bought it in a shop on level 10 of the Dungeon)

   [ring of protection from cold]

   It affects your strength (+4).
   It affects your dexterity (-4).
   It protects you from cold.
   It protects you from poison.
   It lets you turn invisible.
Wands
 d - a wand of acid (9)
 m - a wand of clouds (3)
 M - a wand of scattershot (5)
 Y - a wand of paralysis (12)
 Z - a wand of flame (15)
Scrolls
 c - 8 scrolls of teleportation
 g - 5 scrolls of blinking
 o - 13 scrolls of remove curse
 t - 2 scrolls of immolation
 u - 11 scrolls of identify
 y - 7 scrolls of amnesia
 I - 2 scrolls of summoning
 J - a scroll of fear
 L - 2 scrolls of magic mapping
 P - 2 scrolls of fog
 R - a scroll of enchant armour
 W - a scroll of brand weapon
Potions
 b - a potion of flight
 e - 3 potions of brilliance
 i - a potion of haste
 n - 17 potions of curing
 v - 2 potions of mutation
 F - 3 potions of heal wounds
 S - 2 potions of stabbing
Books
 C - a manual of Poison Magic
Comestibles
 f - 19 rations


   Skills:
 - Level 12.5 Fighting
   Level 6.2(6.6) Short Blades
 - Level 3.6(5.4) Long Blades
 - Level 5.0 Armour
 * Level 14.1 Dodging
 - Level 1.0 Stealth
 * Level 13.7 Shields
 - Level 5.1 Spellcasting
 * Level 9.3 Evocations


You had 24 spell levels left.
You didn't know any spells.
Your spell library contained the following spells:

 Spells                   Type           Power        Failure   Level  Hunger
 Corona                   Hex            #......      98%         1    None
 Magic Dart               Conj           #...         98%         1    None
 Sandblast                Erth           #.....       98%         1    None
 Shock                    Conj/Air       #...         98%         1    None
 Blink                    Tloc           N/A          99%         2    ##.....
 Call Imp                 Summ           #.......     99%         2    ##.....
 Ensorcelled Hibernation  Hex/Ice        #.....       99%         2    ##.....
 Passwall                 Tmut/Erth      #.......     99%         2    ##.....
 Slow                     Hex            #.......     99%         2    ##.....
 Swiftness                Chrm/Air       #.......     99%         2    ##.....
 Confusing Touch          Hex            #.......     100%        3    ###....
 Conjure Flame            Conj/Fire      #.......     100%        3    ###....
 Dazzling Flash           Conj/Hex       #.....       100%        3    ###....
 Gell's Gravitas          Tloc           #.........   100%        3    ###....
 Mephitic Cloud           Conj/Pois/Air  #.......     100%        3    ###....
 Recall                   Summ/Tloc      N/A          100%        3    ###....
 Static Discharge         Conj/Air       #.......     100%        3    ###....
 Stone Arrow              Conj/Erth      #.....       100%        3    ###....
 Tukima's Dance           Hex            #.......     100%        3    ###....
 Airstrike                Air            #.........   100%        4    ####...
 Animate Dead             Necr           N/A          100%        4    ####...
 Petrify                  Tmut/Erth      #.......     100%        4    ####...
 Summon Lightning Spire   Summ/Air       #.......     100%        4    ####...
 Borgnjor's Vile Clutch   Necr/Erth      #.........   100%        5    ######.
 Lee's Rapid Deconstruct  Erth           #.........   100%        5    ######.
 Lightning Bolt           Conj/Air       #.........   100%        5    ######.
 Metabolic Englaciation   Hex/Ice        #.........   100%        5    ######.
 Silence                  Hex/Air        #.........   100%        5    ######.
 Yara's Violent Unravell  Hex/Tmut       #.........   100%        5    ######.
 Conjure Ball Lightning   Conj/Air       #.........   100%        6    #######
 Death Channel            Necr           #.........   100%        6    #######
 Simulacrum               Ice/Necr       #.........   100%        6    #######
 Tornado                  Air            #.........   100%        9    #######


Dungeon Overview and Level Annotations

Branches:
Dungeon (15/15)            Temple (1/1) D:6            Lair (6/6) D:10
  Swamp (0/4) Lair:3        Snake (0/4) Lair:3        Slime (0/5) Lair:5
    Orc (2/2) D:10            Elf (0/3) Orc:2        Vaults (0/5) D:14
 Depths: D:15

Altars:
Cheibriados
Elyvilon
Fedhas
Gozag
Hepliaklqana
Makhleb
Nemelex Xobeh
Okawaru
Qazlal
Sif Muna
Uskayaw
Vehumet
Wu Jian
Yredelemnul
Zin

Shops:
D:6 (   D:8 }*   D:10 =   D:11 (   D:13 *   Orc:2 !::*

Annotations:
D:2 2 transporters


Innate Abilities, Weirdness & Mutations

You have a pair of horns on your head.
You are mostly covered in icy blue scales. (AC +3)
Your flesh is heat resistant. (rF+)
Your demonic aura causes spilled blood to erupt in flames.
You sometimes gain power by taking damage.
You are immune to clouds of flame.
[Scrolls take you longer to read.]
[Your body sometimes deteriorates upon taking damage.]
[You are dopey. (Int -2)]
[You are very frail. (-20% HP)]
[Your magical capacity is low. (-10% MP)]
[You are very weak. (Str -4)]
[Potions are poor at restoring your health.]


Message History

You begin reading the scroll.
You continue reading the scroll.
As you read the scroll of teleportation, it crumbles to dust.
You feel strangely unstable.
You feel the power of the Abyss delaying your translocation!
You hit the large abomination but do no damage.
The large abomination closely misses you.
You riposte.
You slash the large abomination! You burn the large abomination.
The large abomination is moderately damaged.
You barely miss the large abomination.
The large abomination is moderately damaged.
The large abomination becomes distracted by your gold, dreaming of imaginary riches.
You completely miss the large abomination.
The large abomination is no longer distracted by gold.
The large abomination is moderately damaged.
You block the large abomination's attack.
You slash the large abomination! You burn the large abomination.
The large abomination is heavily damaged.
The large abomination hits you!!
You die...
Your body crumbles into a pile of gold.

# . .##
#### ....
#.@# . . (
#X## ... .
## #.# ..
#. ##. . .
..##.# . #
# #. #..
###.#......
. .... #
...#..
.##### #. .
..... #.# #
.. # .#
##.. ## .#


You could see a large abomination.

Vanquished Creatures
  Rupert (Lair:4)
  A stone giant (D:10)
  Nessos (D:14)
  A fire dragon (D:10)
  An ogre mage (D:10)
  Harold (D:8)
  10 hydras
  3 catoblepae (Lair:6)
  Erica (Orc:1)
  5 centaur warriors
  10 death yaks (Lair:6)
  A tengu warrior (D:10)
  5 orc high priests
  6 two-headed ogres
  Urug (D:14)
  A wretched star (Abyss:2)
  Sonja (Lair:3)
  An iron troll (D:12)
  2 unseen horrors
  A lindwurm (Lair:6)
  2 deep elf magi
  9 ugly things
  7 orc knights
  5 cyclopes
  A worldbinder (Abyss:2)
  2 manticores (Lair:6)
  4 black mambas
  3 smoke demons (Abyss:2)
  A spiny frog (shapeshifter) (D:15)
  11 spiny frogs
  An efreet (D:10)
  2 rime drakes
  A freezing wraith (Abyss:2)
  8 komodo dragons
  8 trolls
  3 hornets
  12 blink frogs
  4 slime creatures (D:12)
  A harpy skeleton (D:13)
  4 dream sheep (Lair:4)
  6 hippogriffs
  A redback (D:14)
  2 water elementals (D:15)
  A wyvern (D:12)
  16 humans (D:14)
  61 yaks
  3 wraiths
  3 small abominations (Abyss:2)
  3 hungry ghosts
  4 vampire mosquitoes (D:14)
  2 basilisks
  Menkaure (D:4)
  A harpy simulacrum (D:15)
  2 wargs
  13 water moccasins
  2 nagas (Lair:3)
  A swamp worm (Lair:3)
  An acid dragon (D:14)
  A large abomination (Abyss:2)
  8 porcupines
  Duvessa (D:4)
  2 ice beasts
  36 orc warriors
  4 black bears
  2 phantoms
  2 necrophages
  3 sky beasts
  An eye of draining (D:15)
  7 wolves
  17 ogres
  6 centaurs
  10 crocodiles
  4 big kobolds
  20 bullfrogs
  A gnoll sergeant (D:7)
  Dowan (D:4)
  A wyvern skeleton (D:13)
  3 scorpions
  A killer bee (D:10)
  8 wights
  2 howler monkeys (D:10)
  4 electric eels
  6 crimson imps
  4 centaur zombies
  A quasit (D:15)
  3 bullfrog zombies
  A starcursed mass (Abyss:2)
  4 jellies
  6 hounds
  32 orc wizards
  5 centaur skeletons
  36 orc priests
  2 bullfrog skeletons
  Jessica (D:3)
  2 iguanas
  6 worker ants
  A hound skeleton (D:9)
  9 gnolls
  7 adders
  3 shadow imps
  3 oozes
  2 adder skeletons
  An adder zombie (D:8)
  6 worms
  4 dart slugs
  4 leopard geckos
  100 orcs
  4 giant cockroaches
  7 goblins
  9 hobgoblins
  4 jackals (D:1)
  27 kobolds
  4 quokkas
  5 bats
  9 frilled lizards
  A leopard gecko skeleton (D:8)
  A quokka skeleton (D:9)
  4 rats
  A starspawn tentacle (Abyss:2)
736 creatures vanquished.

Vanquished Creatures (others)
  An unseen horror (D:10)
  A wight (D:11)
  A bush (D:10)
  9 fungi
  17 plants
  4 starspawn tentacles (Abyss:2)
33 creatures vanquished.

Grand Total: 769 creatures vanquished

Notes
Turn   | Place    | Note
-------+----------+-------------------------------------------
     0 | D:1      | Chiseanne the Demonspawn Wanderer began the quest for the
                  | Orb.
     0 | D:1      | Chiseanne set off with the following items: a +2 falchion,
                  | a potion of lignification, a scroll of teleportation, a +0
                  | robe, a ration
     0 | D:1      | Reached XP level 1. HP: 16/16 MP: 2/2
   306 | D:1      | Reached skill level 1 in Dodging
   306 | D:1      | Gained mutation: You are partially covered in icy blue
                  | scales. (AC +2) [demonic ancestry]
   306 | D:1      | Reached XP level 2. HP: 23/23 MP: 3/3
   690 | D:1      | Gained mutation: Your flesh is heat resistant. (rF+)
                  | [demonic ancestry]
   690 | D:1      | Reached XP level 3. HP: 28/28 MP: 4/4
  1370 | D:2      | Found a hazy altar of Hepliaklqana.
  1842 | D:2      | Noticed an ice beast
  1843 | D:2      | Found a transporter.
  1843 | D:2      | Noticed a hornet
  1844 | D:2      | Found a glowing silver altar of Zin.
  2223 | D:2      | Reached skill level 2 in Dodging
  2272 | D:2      | Found a transporter.
  2379 | D:2      | Found an iron altar of Okawaru.
  2384 | D:2      | Gained mutation: You sometimes gain a little power by
                  | taking damage. [demonic ancestry]
  2384 | D:2      | Reached XP level 4. HP: 35/35 MP: 5/5
  2390 | D:2      | Reached skill level 1 in Armour
  3031 | D:3      | Reached XP level 5. HP: 42/42 MP: 6/6
  3161 | D:3      | Found a blossoming altar of Fedhas.
  3161 | D:3      | Found a basalt altar of Yredelemnul.
  3272 | D:3      | Found a stormy altar of Qazlal.
  3337 | D:3      | Noticed Jessica
  3353 | D:3      | Killed Jessica
  3517 | D:3      | Reached skill level 3 in Dodging
  3538 | D:3      | Reached XP level 6. HP: 25/64 MP: 7/7
  3870 | D:4      | Noticed Dowan
  3871 | D:4      | Noticed Duvessa
  3981 | D:4      | Killed Duvessa
  3981 | D:4      | Gained mutation: You have a pair of small horns on your
                  | head. [demonic ancestry]
  3981 | D:4      | Reached XP level 7. HP: 64/70 MP: 8/8
  3982 | D:4      | Killed Dowan
  4126 | D:4      | Found a radiant altar of Vehumet.
  4173 | D:4      | Noticed Menkaure
  4184 | D:4      | Killed Menkaure
  4194 | D:4      | Found a sparkling altar of Nemelex Xobeh.
  4507 | D:5      | Entered Level 5 of the Dungeon
  4535 | D:5      | Found a white marble altar of Elyvilon.
  4598 | D:5      | Reached skill level 4 in Dodging
  4598 | D:5      | Reached XP level 8. HP: 78/78 MP: 9/9
  5284 | D:6      | Reached skill level 1 in Shields
  5360 | D:6      | Found an ornate altar of the Wu Jian Council.
  5380 | D:6      | Found a snail-covered altar of Cheibriados.
  5412 | D:6      | Reached skill level 1 in Spellcasting
  5420 | D:6      | Found Ycvegit's Antique Weapon Boutique.
  5574 | D:6      | Found a stormy altar of Qazlal.
  5578 | D:6      | Found a staircase to the Ecumenical Temple.
  5594 | Temple   | Entered the Ecumenical Temple
  5636 | Temple   | Became a worshipper of Gozag Ym Sagoz the Greedy
  5789 | D:6      | Reached XP level 9. HP: 59/83 MP: 11/11
  6830 | D:7      | Found a shimmering blue altar of Sif Muna.
  7034 | D:8      | Found a hide-covered altar of Uskayaw.
  7099 | D:8      | Reached skill level 5 in Dodging
  7270 | D:8      | Noticed Maggie
  7272 | D:8      | Noticed Maggie
  7272 | D:8      | Maggie changed into Maggie the wolf
  7282 | D:8      | Killed Maggie the wolf
  7367 | D:8      | Noticed Harold
  7387 | D:8      | Killed Harold
  7408 | D:8      | Noticed a manticore
  7412 | D:8      | Reached skill level 5 in Armour
  7572 | D:8      | Found Jahasch's Gadget Shoppe.
  7661 | D:8      | Gained mutation: You are immune to clouds of flame.
                  | [demonic ancestry]
  7661 | D:8      | Reached XP level 10. HP: 90/90 MP: 14/14
  7689 | D:8      | Noticed a two-headed ogre
  7702 | D:8      | Killed a two-headed ogre
  7893 | D:8      | Reached skill level 6 in Dodging
  7982 | D:8      | Found Kusiuxes's General Store.
  7990 | D:8      | Bought a scroll of teleportation for 45 gold pieces
  7990 | D:8      | Bought a scroll of identify for 30 gold pieces
  7990 | D:8      | Bought a scroll of blinking for 112 gold pieces
  8176 | D:6      | Bought a faintly glowing short sword for 264 gold pieces
  8177 | D:6      | Identified the cursed +1 short sword of the Boar {freeze,
                  | +Rage Dex+3} (You bought it in a shop on level 6 of the
                  | Dungeon)
  8556 | D:9      | Paralysed by an orc warrior for 6 turns
  8990 | D:10     | Entered Level 10 of the Dungeon
  9077 | D:10     | Noticed a centaur warrior
  9078 | D:10     | Noticed a frost giant
  9184 | D:10     | Noticed a tengu warrior
  9197 | D:10     | Killed a tengu warrior
  9233 | D:10     | Noticed a fire dragon
  9342 | D:10     | Killed an unseen horror
  9342 | D:10     | Reached skill level 5 in Shields
  9349 | D:10     | Killed a fire dragon
  9349 | D:10     | Reached skill level 5 in Spellcasting
  9500 | D:10     | Noticed a four-headed hydra
  9511 | D:10     | Killed a four-headed hydra
  9511 | D:10     | Gained mutation: You sometimes gain power by taking damage.
                  | [demonic ancestry]
  9511 | D:10     | Reached XP level 11. HP: 34/96 MP: 18/18
  9511 | D:10     | Noticed a stone giant
  9520 | D:10     | Killed a stone giant
  9520 | D:10     | Reached skill level 7 in Dodging
  9770 | D:10     | Killed a centaur warrior
  9917 | D:10     | Noticed an iron troll
  9917 | D:10     | a frost giant changed into an iron troll
  9989 | D:10     | Noticed an ogre mage
  9998 | D:10     | Paralysed by an ogre mage for 7 turns
 10012 | D:10     | Paralysed by an ogre mage for 7 turns
 10022 | D:10     | Killed an ogre mage
 10177 | D:10     | Reached skill level 8 in Dodging
 10470 | D:10     | Found a staircase to the Lair.
 10670 | D:10     | Found a staircase to the Orcish Mines.
 10813 | D:10     | Got a steaming lead amulet
 10820 | D:10     | Identified the amulet of the Clam {+Rage rElec rF+ MP+9
                  | Dex+4} (You found it on level 10 of the Dungeon)
 10919 | Orc:1    | Entered Level 1 of the Orcish Mines
 11453 | Orc:1    | Noticed Erica
 11884 | Orc:2    | Entered Level 2 of the Orcish Mines
 11920 | Orc:2    | Reached skill level 5 in Short Blades
 12004 | Orc:1    | Killed Erica
 12004 | Orc:1    | Gained mutation: You are mostly covered in icy blue scales.
                  | (AC +3) [demonic ancestry]
 12004 | Orc:1    | Reached XP level 12. HP: 103/103 MP: 19/19
 12255 | Orc:2    | Found a staircase to the Elven Halls.
 12255 | Orc:2    | Noticed a two-headed ogre
 12287 | Orc:1    | Killed a two-headed ogre
 12743 | Orc:2    | Reached skill level 9 in Dodging
 13668 | Orc:2    | Noticed an orc high priest
 13704 | Orc:2    | Killed an orc high priest
 13820 | Orc:2    | Noticed an orc high priest
 13847 | Orc:2    | Killed an orc high priest
 14159 | Orc:2    | Noticed an orc high priest
 14181 | Orc:2    | Killed an orc high priest
 14181 | Orc:2    | Reached skill level 10 in Dodging
 14267 | Orc:2    | Noticed an orc high priest
 14714 | Orc:2    | Killed an orc high priest
 14829 | Orc:2    | Noticed an orc high priest
 15137 | Orc:1    | Killed an orc high priest
 15222 | Orc:2    | Found Umups's Distillery.
 15225 | Orc:2    | Found Noad's General Store.
 15226 | Orc:2    | Found Jonie's Book Shoppe.
 15227 | Orc:2    | Found Coitt's Book Emporium.
 15231 | Orc:2    | Bought a scroll of teleportation for 42 gold pieces
 15234 | Orc:2    | Bought 2 potions of curing for 90 gold pieces
 15234 | Orc:2    | Bought a potion of heal wounds for 75 gold pieces
 15234 | Orc:2    | Bought a potion of heal wounds for 75 gold pieces
 15234 | Orc:2    | Bought a potion of curing for 45 gold pieces
 15234 | Orc:2    | Bought a potion of curing for 45 gold pieces
 15234 | Orc:2    | Bought a potion of heal wounds for 75 gold pieces
 15234 | Orc:2    | Bought a potion of curing for 45 gold pieces
 15430 | D:10     | Bought a cursed -2 ring of intelligence for 20 gold pieces
 15430 | D:10     | Bought a cursed amulet of inaccuracy for 20 gold pieces
 15430 | D:10     | Bought a cursed -3 ring of protection for 20 gold pieces
 15436 | D:10     | Bought an uncursed ring of see invisible for 150 gold
                  | pieces
 15436 | D:10     | Bought the ring "Meyppugu" {Str-3 Int+2 Dex+5 SInv} for 229
                  | gold pieces
 15444 | D:11     | Noticed a four-headed hydra
 15452 | D:10     | Killed a one-headed hydra
 15633 | D:10     | Reached XP level 13. HP: 84/109 MP: 20/20
 15700 | D:11     | Paralysed by a hornet for 1 turns
 15818 | D:11     | Reached skill level 10 in Shields
 15929 | D:11     | Paralysed by a hornet for 3 turns
 16511 | D:12     | Reached skill level 11 in Dodging
 17425 | D:12     | Identified the cursed +1 quarterstaff of Wekadd {vorpal,
                  | Str+4}
 17776 | D:10     | Bought the ring of Lilacs {+Inv rPois rC+ Str+4 Dex-4} for
                  | 432 gold pieces
 17821 | Lair:1   | Entered Level 1 of the Lair of Beasts
 17885 | Lair:1   | Found a radiant altar of Vehumet.
 18332 | Lair:1   | Got a crude scale mail
 18334 | Lair:1   | Identified the +6 scale mail "Rohos" {rPois rF- rN+ SInv}
                  | (You found it on level 1 of the Lair of Beasts)
 18909 | Lair:2   | Got a fine long sword
 18910 | Lair:2   | Identified the +9 long sword of Viklafegg {venom, rF++
                  | MP+9} (You found it on level 2 of the Lair of Beasts)
 19375 | Lair:2   | Reached skill level 12 in Dodging
 19633 | Lair:2   | Found an opulent altar of Gozag.
 19828 | Lair:3   | Found a white marble altar of Elyvilon.
 19870 | Lair:3   | Found a staircase to the Snake Pit.
 20005 | Lair:3   | Noticed Sonja
 20014 | Lair:3   | Killed Sonja
 20146 | Lair:3   | Found a staircase to the Swamp.
 21018 | Lair:4   | Gained mutation: You have a pair of horns on your head.
                  | [demonic ancestry]
 21018 | Lair:4   | Reached XP level 14. HP: 100/116 MP: 21/21
 21080 | Lair:4   | Noticed Rupert
 21093 | Lair:4   | Killed Rupert
 23101 | Lair:5   | Found a staircase to the Slime Pits.
 23134 | Lair:5   | Reached skill level 5 in Evocations
 23712 | Lair:6   | Entered Level 6 of the Lair of Beasts
 24465 | Lair:6   | Reached skill level 13 in Dodging
 25804 | Lair:6   | Got a scorched leather armour
 25807 | Lair:6   | Identified the cursed +1 leather armour "Biosisul" {Int+3}
                  | (You found it on level 6 of the Lair of Beasts)
 26608 | D:13     | Found a snail-covered altar of Cheibriados.
 26837 | D:13     | Found Noothrun's General Store.
 26860 | D:13     | Bought a scroll of blinking for 127 gold pieces
 26884 | D:13     | Gained mutation: Your demonic aura causes spilled blood to
                  | erupt in flames. [demonic ancestry]
 26884 | D:13     | Reached XP level 15. HP: 105/122 MP: 22/22
 27507 | D:14     | Found a gate to the Vaults.
 27507 | D:14     | Noticed Nessos
 27507 | D:14     | Noticed Urug
 27513 | D:14     | Killed Nessos
 27545 | D:14     | Killed Urug
 28083 | D:14     | Identified the +3 leather armour of the Solstice {rF+ rC-
                  | Str+2} (You found it on level 14 of the Dungeon)
 28086 | D:14     | Found a hazy altar of Hepliaklqana.
 28635 | D:15     | Entered Level 15 of the Dungeon
 28720 | D:15     | Reached skill level 14 in Dodging
 29183 | D:15     | Cast into level 2 of the Abyss (a wizard)
 29196 | Abyss:2  | Noticed a bone dragon
 29207 | Abyss:2  | Noticed a tentacled starspawn
 29249 | Abyss:2  | Paralysed by accursed screaming for 1 turns
 29268 | Abyss:2  | Paralysed by accursed screaming for 1 turns
 29320 | Abyss:2  | Found a corrupted altar of Lugonu.
 29473 | Abyss:2  | Noticed a tentacled starspawn
 30000 | Abyss:2  | Slain by a large abomination

Levels and vault maps discovered:
D:1:      moated_graveyard_arrival, layout_basic, serial_park_tiny_2
D:2:      layout_loops_ring, gammafunk_temple_overflow_arena,
          old_standard_altar, lemuel_round_altar, first_ration, minmay_circled_x
D:3:      minmay_inner_zag, layout_basic, gammafunk_temple_overflow_wave,
          grunt_qazlal_clouds, uniq_jessica
D:4:      layout_rooms, lemuel_doored_altar, kennysheep_mini_moat, uniq_duvessa,
          uniq_menkaure
D:5:      layout_basic, elyvilon_altar_5
D:6:      layout_cave_pools, kennysheep_mini, nicolae_overflow_hidden_temple,
          kennysheep_little_box, temple_pool_b, serial_shops, shop,
          minmay_misc_feat_alley, serial_bayou_crossing
D:7:      layout_loops_corners, old_standard_altar, grunt_ogre_cave, st_stairs_9
D:8:      black_bear_nest_1, layout_loops_ring, lemuel_crystal_altar,
          serial_shops, nicolae_shop_temple_entry_statues_fountains, shop,
          uniq_harold, uniq_maggie
D:9:      layout_irregular_city
D:10:     minmay_chopped_fan, layout_basic, minmay_lair_entry_grove, orc_0_dummy
D:11:     layout_loops_ring
D:12:     layout_basic
D:13:     layout_basic, serial_shops, shop, basic_altar
D:14:     layout_gridville, david_vaults_3, lemuel_round_altar
D:15:     hangedman_depths_entry_try_elsewhere_first, layout_basic,
          corexii_hall_statues_t, uniq_kirke, uniq_nessos
Temple:   nicolae_temple_figure_zero
Lair:1:   layout_long_grid, basic_altar
Lair:2:   layout_big_grid, basic_altar
Lair:3:   layout_big_grid, nicolae_swamp_entry_splash_gauntlet,
          guppyfry_snake_entry_island, basic_altar, uniq_sonja
Lair:4:   layout_layer_cave, chequers_serial_rivers_micro_a, uniq_rupert
Lair:5:   layout_gridlike, slime_dummy, minivault_25
Lair:6:   evilmike_catoblepas_cave, layout_hall_layers
Orc:1:    layout_caves, nicolae_orc_damp_corner, uniq_erica
Orc:2:    st_orc_pillars, layout_diamond_mine, gauntlet_entry_generic
Abyss:2:  base: D:12, hangedman_abyss_or_decor_stagger, minivault_26,
          hangedman_abyss_or_decor_stagger, gammafunk_abyss_exit_x_factor,
          evilmike_abyss_exit_16

Skill      XL: |  1  2  3  4  5  6  7  8  9 10 11 12 13 14 15 |
---------------+----------------------------------------------+-----
Dodging        | 1 2 3 4 5 6 8 10 12 13 14 | 14.1
Fighting       | 3 12 | 12.5
Armour         | 1 2 3 4 5 |  5.0
Shields        | 1 3 5 7 9 11 12 13 | 13.7
Spellcasting   | 1 3 5 |  5.1
Short Blades   | 5 6 |  6.2
Evocations     | 3 7 9 |  9.3
Long Blades    | |  3.6
Stealth        | |  1.0

Action                   |  1- 3 |  4- 6 |  7- 9 | 10-12 | 13-15 || total
-------------------------+-------+-------+-------+-------+-------++-------
Melee: Falchion          |   137 |   164 |     9 |       |       ||   310
       Rapier            |       |       |   377 |   843 |    26 ||  1246
       Headbutt          |       |       |    74 |   271 |   399 ||   744
       Whip              |       |       |       |   254 |       ||   254
       Scimitar          |       |       |       |    38 |   516 ||   554
       Long sword        |       |       |       |       |   751 ||   751
 Fire: Hunting sling     |       |       |       |     9 |       ||     9
Throw: Dart              |       |     8 |    33 |   136 |    21 ||   198
       Javelin           |       |       |    13 |       |       ||    13
       Stone             |       |       |     2 |       |       ||     2
       Throwing net      |       |       |       |     9 |     2 ||    11
       Boomerang         |       |       |       |     3 |       ||     3
Invok: Potion Petition   |       |       |       |     3 |     2 ||     5
       Call Merchant     |       |       |       |     1 |     1 ||     2
Evoke: Wand              |       |       |    14 |    24 |     3 ||    41
  Use: Scroll            |       |     9 |     7 |    13 |    15 ||    44
       Potion            |       |     7 |     3 |     2 |     3 ||    15
 Stab: Sleeping          |     1 |       |     4 |     9 |     7 ||    21
       Distracted        |       |       |     1 |     6 |     8 ||    15
       Invisible         |       |       |       |     5 |     3 ||     8
       Paralysed         |       |       |       |     5 |       ||     5
       Held in net/web   |       |       |       |     1 |       ||     1
       Confused          |       |       |       |       |     1 ||     1
  Eat: Chunk             |     5 |     4 |     7 |       |       ||    16
       Ration            |       |       |     4 |     8 |    16 ||    28
Armor: Robe              |    18 |       |       |       |       ||    18
       Scale mail        |    26 |    86 |    15 |       |   264 ||   391
       Leather armour    |       |       |   114 |   180 |    36 ||   330
       Fire dragon scale |       |       |       |       |    17 ||    17
Dodge: Dodged            |    80 |    84 |   139 |   391 |   565 ||  1259
Block: Tower shield      |       |       |   295 |  1109 |  1536 ||  2940
       Rpst.: Falchion   |    16 |    30 |     1 |       |       ||    47
       Scimitar          |       |       |       |     7 |    43 ||    50
       Long sword        |       |       |       |       |    88 ||    88

Table legend:
 A = Non-vault XP
 B = Vault XP
 C = Vault XP percentage of total XP
 D = Non-vault monster count
 E = Vault monster count
 F = Vault count percentage of total count
                 A         B        C        D         E       F
            +---------+---------+-------+---------+---------+-------
      Total |   88736 |   45146 |  33.7 |     580 |     156 |  21.2
            +---------+---------+-------+---------+---------+-------
        D:1 |      50 |       0 |   0.0 |      27 |       0 |   0.0
        D:2 |     122 |       6 |   4.7 |      28 |       4 |  12.5
        D:3 |     142 |      46 |  24.5 |      15 |       6 |  28.6
        D:4 |     211 |     399 |  65.4 |       9 |       3 |  25.0
        D:5 |     574 |       0 |   0.0 |      19 |       0 |   0.0
        D:6 |    1071 |       0 |   0.0 |      26 |       0 |   0.0
        D:7 |     480 |     158 |  24.8 |      10 |       2 |  16.7
        D:8 |    2230 |    1202 |  35.0 |      43 |       3 |   6.5
        D:9 |     847 |       0 |   0.0 |      19 |       0 |   0.0
       D:10 |    4828 |    8378 |  63.4 |      39 |      22 |  36.1
       D:11 |    4490 |       0 |   0.0 |      29 |       0 |   0.0
       D:12 |    4070 |     770 |  15.9 |      37 |       1 |   2.6
       D:13 |    5572 |       0 |   0.0 |      26 |       0 |   0.0
       D:14 |   12707 |    6143 |  32.6 |      36 |      20 |  35.7
       D:15 |    6324 |       0 |   0.0 |      18 |       0 |   0.0
     Lair:1 |    4023 |       0 |   0.0 |      15 |       0 |   0.0
     Lair:2 |    4638 |       0 |   0.0 |      14 |       0 |   0.0
     Lair:3 |    5812 |    1309 |  18.4 |      22 |       5 |  18.5
     Lair:4 |    3822 |    2792 |  42.2 |      17 |       1 |   5.6
     Lair:5 |    7654 |       0 |   0.0 |      32 |       0 |   0.0
     Lair:6 |   10268 |   11479 |  52.8 |      28 |      23 |  45.1
      Orc:1 |    2985 |    3793 |  56.0 |      27 |       8 |  22.9
      Orc:2 |    1779 |    8671 |  83.0 |      31 |      58 |  65.2
    Abyss:2 |    4037 |       0 |   0.0 |      13 |       0 |   0.0
            +---------+---------+-------+---------+---------+-------
